 Dungeon Crawl Stone Soup version 0.30.0-5-g1a98f26d00 (webtiles) character file.

Game seed: 323372807718613419

51 NinjaNoafa the Firebug (level 3, -2/18 HPs)
             Began as a Vine Stalker Fire Elementalist on May 11, 2023.
             Splashed by a jelly's acid (4 damage)
             ... on level 2 of the Dungeon.
             The game lasted 00:06:15 (1273 turns).

NinjaNoafa the Firebug (VSFE)                       Turns: 1273, Time: 00:06:15

Health: -2/18      AC: -2    Str: 10    XL:     3   Next: 83%
Magic:  0/7        EV: 12    Int: 15    God:
Gold:   87         SH:  0    Dex: 16    Spells: 5/6 levels left

rFire   . . .        a - +1 short sword (speed)
rCold   . . .        (no shield)
rNeg    + . .        r - +0 robe
rPois   .            (no helmet)
rElec   .            (no cloak)
rCorr   .            (no gloves)
SInv    .            (no boots)
Will    .....        (no amulet)
Stlth   ++           k - ring of positive energy
HPRegen 0.23/turn    (no ring)
MPRegen 0.10/turn

%: guardian spirit
@: corroded
A: fangs 2, magic shield, antimagic bite, no potion heal 2
a: no special abilities


You were on level 2 of the Dungeon.
You visited 1 branch of the dungeon, and saw 2 of its levels.

You collected 87 gold pieces.

Inventory:

Hand Weapons
 a - a +1 short sword of speed (weapon)
 b - a +0 rapier
Armour
 r - a +0 robe (worn)
Jewellery
 k - a ring of positive energy (left hand)
Scrolls
 d - a scroll of poison {unknown}
 e - a scroll of teleportation {unknown}
 f - 4 scrolls of identify {unknown}
 i - a scroll of amnesia {unknown}
Potions
 c - a potion of haste {unknown}
 g - a potion of heal wounds {unknown}
 h - a potion of berserk rage {unknown}
 j - a potion of curing {unknown}


   Skills:
 - Level 2.2 Fighting
 + Level 1.2 Short Blades
 - Level 1.9 Dodging
 - Level 2.4 Stealth
 - Level 2.1 Spellcasting
 - Level 1.0 Conjurations
 - Level 3.0 Fire Magic


You had 5 spell levels left.
You knew the following spells:

 Your Spells              Type           Power      Damage    Failure   Level
a - Foxfire               Conj/Fire      28%        2x1d5     10%         1

Your spell library contained the following spells:

 Spells                   Type           Power      Damage    Failure   Level
 Scorch                   Fire           20%        2d6       10%         2
 Necrotise                Necr           4%         1d4       22%         1
 Inner Flame              Hex/Fire       6%         N/A       34%         3
 Volatile Blastmotes      Fire/Tloc      12%        2d11      34%         3
 Vampiric Draining        Necr           1%         2d6       54%         3
 Flame Wave               Conj/Fire      7%         2d5       67%         4
 Fireball                 Conj/Fire      3%         3d4       95%         5
 Agony                    Necr           1%         N/A       99%         5
 Iskenderun's Battlesphe  Conj           4%         2d6       99%         5
 Conjure Ball Lightning   Conj/Air       1%         3x3d6     100%        6
 Orb of Destruction       Conj           2%         9d5       100%        7


Dungeon Overview and Level Annotations

Branches:
Dungeon (2/15) Zot: 10718

Altars:

Shops:
D:2 [(*

Annotations:
D:2 2 transporters


Innate Abilities, Weirdness & Mutations

You have extremely sharp teeth.
When hurt, damage is shared between your health and your magic reserves.
Your bite disrupts and absorbs the magic of your enemies.
Potions cannot restore your health.


Message History

The endoplasm quivers. x2; The endoplasm jiggles.
There is an open door here.
You see here 2 stones.
You hit the jelly.
Your hands burn!
The jelly is lightly wounded.
The jelly hits you.
You are splashed with acid!
* * * LOW HITPOINT WARNING * * *
Unknown command.
Unknown command.
Unknown command.
The endoplasm hits something.
You hit the jelly but do no damage.
Your hands burn!
* * * LOW HITPOINT WARNING * * *
Your bite misses the jelly.
The jelly is lightly wounded.
Unknown command.
Unknown command.
Okay, then.
Okay, then.
There is an open door here.
The jelly attacks as you move away! The jelly hits you.
* * * LOW HITPOINT WARNING * * *
The acid corrodes you!
You are splashed with acid!
* * * LOW HITPOINT WARNING * * *
Magic courses through your body. The jelly barely misses you.
Casting: Foxfire (safe; 10% risk of failure)
Press: ? - help, Q - select action Dir - look around, f - activate You conjure some foxfire!
The jelly barely misses you.
Unknown command.
The jelly attacks as you move away! The jelly misses you.
The foxfire hits the endoplasm.
The endoplasm is severely wounded.
The foxfire hits the jelly.
The jelly is lightly wounded.
Casting: Foxfire (safe; 10% risk of failure)
Press: ? - help, Q - select action Dir - look around, f - activate You conjure some foxfire!
The jelly hits you.
You are splashed with acid!
You die...

#J..P÷J÷P.##.###.##.##
#÷P..J..P.##.#........
########J###.#........
##..JJ..## #.#.#.#####
#J######## #..........
##J.'....# ###.#.#####
####J...# #.#.#
#..JJv..# ##.#.#####
#...@...# #......<..
#...v...# #.........
#.......# #.........
##.....## ##########
##...## #.... ##'''##
#.... #.....# #....
.#####)### #.†.. ...
#.######### #####


You could see a jelly (ally target) and 2 endoplasms.

Vanquished Creatures
  5 endoplasms
  A giant cockroach (D:2)
  4 goblins
  5 hobgoblins
  4 jackals (D:2)
  3 quokkas (D:1)
  3 ball pythons (D:2)
  2 bats
  4 frilled lizards (D:1)
  10 kobolds
  7 rats
48 creatures vanquished.

Vanquished Creatures (others)
  48 foxfires
48 creatures vanquished.

Grand Total: 96 creatures vanquished

Notes
Turn   | Place    | Note
-------+----------+-------------------------------------------
     0 | D:1      | NinjaNoafa the Vine Stalker Fire Elementalist began the
                  | quest for the Orb.
     0 | D:1      | Reached XP level 1. HP: 9/9 MP: 4/4
   125 | D:1      | Reached skill level 1 in Fighting
   177 | D:1      | Reached XP level 2. HP: 14/14 MP: 1/6
   188 | D:1      | Found a faded altar of an unknown god.
   820 | D:2      | Reached XP level 3. HP: 16/18 MP: 7/7
   983 | D:2      | Found a transporter.
   983 | D:2      | Found Tyilodak's Assorted Antiques.
  1009 | D:2      | Found a transporter.
  1103 | D:2      | Found Tuteejeo's Antique Armour Shop.
  1104 | D:2      | Found Edeacoc's Weapon Boutique.
  1176 | D:2      | Reached skill level 1 in Short Blades
  1273 | D:2      | Splashed by a jelly's acid

Illustrated notes

Levels and vault maps discovered:
D:1:      minmay_arrival_stone_box, layout_basic, basic_ecumenical_altar,
          minmay_misc_feat_cross
D:2:      cheibrodos_fertilizer, layout_basic, serial_shops,
          nicolae_shop_drivethru, nicolae_shop_pleasant_corner_grove, shop,
          nicolae_shop_pleasant_corner_grove

Skill      XL: |  1  2  3 |
---------------+----------+-----
Fighting       | 1 2 |  2.2
Short Blades   | 1 |  1.2
Dodging        | |  1.9
Stealth        | |  2.4
Spellcasting   | |  2.1
Conjurations   | |  1.0
Fire Magic     | |  3.0

Action                     || total
---------------------------++-------
  Melee: Unarmed           ||     3
         Bite              ||    22
         Rapier            ||    73
         Dagger            ||     7
         Short sword       ||     3
         Punch             ||     1
   Cast: Foxfire           ||    29
    Use: Potion            ||     1
   Stab: Sleeping          ||     2
 Armour: Robe              ||    15
  Dodge: Dodged            ||    74
